 Dungeon Crawl Stone Soup version 0.15-a0-2246-gfd41422 (webtiles) character file.

352 Qrupt the Cutter (level 6, 0/43 HPs)
             Began as a Halfling Fighter on July 26, 2014.
             Was an Initiate of Okawaru.
             Slain by a jelly (3 damage)
             ... on Level 4 of the Dungeon.
             The game lasted 00:11:05 (4238 turns).

Qrupt the Cutter (Halfling Fighter)                 Turns: 4238, Time: 00:11:05

HP   0/43        AC -8     Str 22      XL: 6   Next: 94%
MP   6/6         EV 10     Int  7      God: Okawaru [......]
Gold 143         SH  6     Dex 15      Spells:  0 memorised,  5 levels left

rFire  . . .     SeeInvis .     a - +0 cutlass
rCold  . . .     Clarity  .     b - +0 scale mail
rNeg   . . .     rCorr    .     c - +0 buckler
rPois  .         rRot     .     (no helmet)
rElec  .         Spirit   .     (no cloak)
SustAb .         Warding  .     (no gloves)
rMut   .         Stasis   .     (no boots)
Gourm  .                        (no amulet)
MR     .....                    (no ring)
                                r - ring of stealth

@: mighty, corroded equipment, not resistant to hostile enchantments, very
unstealthy
A: mutation resistance 1
a: Renounce Religion


You were on level 4 of the Dungeon.
You worshipped Okawaru.
Okawaru was noncommittal.
You were not hungry.

You visited 2 branches of the dungeon, and saw 6 of its levels.

You collected 143 gold pieces.

Inventory:

Hand weapons
 a - a +0 cutlass (weapon)
Armour
 b - a +0 scale mail (worn)
 c - a +0 buckler (worn)
Comestibles
 d - 4 bread rations
 j - 2 royal jellies
 n - 4 fruits
Scrolls
 f - 2 scrolls of recharging {unknown}
 h - 2 scrolls of immolation {unknown}
 m - a scroll of remove curse {unknown}
 o - a scroll of enchant weapon {unknown}
 p - a scroll of teleportation {unknown}
Jewellery
 r - a ring of stealth (left hand)
Potions
 g - a potion of poison {unknown}
 i - a potion of curing
 k - a potion of restore abilities
 q - a potion of agility


   Skills:
 + Level 4.3 Fighting
 - Level 7.5 Short Blades
 - Level 3.2 Armour
 - Level 3.2 Shields


You had 5 spell levels left.
You didn't know any spells.

Dungeon Overview and Level Annotations

Branches:
Dungeon (5/15)             Temple (1/1) D:4

Altars:
Ashenzari
Cheibriados
Dithmenos
Elyvilon
Fedhas
Kikubaaqudgha
Makhleb
Nemelex Xobeh
Okawaru
Qazlal
Trog
Xom
Zin
The Shining One


Innate Abilities, Weirdness & Mutations

You are small and have problems with some larger weapons.
You are somewhat resistant to further mutation.


Message History

You hit the jelly but do no damage.
The jelly is severely wounded.
The jelly hits you.
You are splashed with acid!
The acid burns!
* * * LOW HITPOINT WARNING * * *
You are too injured to fight recklessly!
You are too injured to fight recklessly!
Drink which item? (? for menu, Esc to quit)
You feel much better. The jelly hits you.
You are splashed with acid!
The acid burns!
You hit the jelly but do no damage.
The jelly is severely wounded.
The jelly hits you.
You are splashed with acid!
The acid burns!
* * * LOW HITPOINT WARNING * * *
Drink which item? (? for menu, Esc to quit)
You feel very mighty all of a sudden. You block the jelly's attack.
You hit the jelly.
The jelly is almost dead.
The jelly hits you.
You die...

#.....##...%..##≈#'#≈# #.#.#
#...........<.##_..._# #.#.#
######.##.#....####### #.#.#
###.<#..#........#.######%#.##
#......########..#....#......#
#....### #.%.###.#......#
#....# #>#.....#......#
##....##########.#####.........
###.............@J.# #.........
.##....###########.# ###.......
.......# #.# #....... ..##...#
### #......# .###...# #......#
.......# #......# ########
########


You could see a jelly.

Vanquished Creatures
  Blork the orc (D:5)
  A hound (D:5)
  An orc wizard (D:4)
  3 gnolls
  7 adders
  A giant mite (D:4)
  3 worms
  3 giant geckos
  An ooze (D:2)
  7 orcs
  2 ball pythons (D:4)
  5 giant cockroaches
  13 goblins
  11 hobgoblins
  10 jackals
  A quokka (D:4)
  17 bats
  6 giant newts
  A goblin skeleton (D:5)
  12 kobolds
  7 rats
  A rat skeleton (D:4)
114 creatures vanquished.

Notes
Turn   | Place    | Note
--------------------------------------------------------------
     0 | D:1      | Qrupt, the Halfling Fighter, began the quest for the Orb.
     0 | D:1      | Reached XP level 1. HP: 15/15 MP: 1/1
    64 | D:1      | Reached XP level 2. HP: 9/20 MP: 2/2
   290 | D:1      | Reached skill level 4 in Short Blades
   451 | D:1      | Reached XP level 3. HP: 25/25 MP: 3/3
   922 | D:2      | Found a snail-covered altar of Cheibriados.
   937 | D:1      | Reached skill level 5 in Short Blades
  1076 | D:2      | Found a stormy altar of Qazlal.
  1107 | D:2      | Reached XP level 4. HP: 30/30 MP: 4/4
  1392 | D:2      | Reached skill level 6 in Short Blades
  1876 | D:2      | Found a blossoming altar of Fedhas.
  1876 | D:2      | Found a glowing golden altar of the Shining One.
  1964 | D:3      | Reached XP level 5. HP: 30/35 MP: 5/5
  2785 | D:3      | Reached skill level 7 in Short Blades
  3027 | D:3      | Noticed a centaur
  3352 | D:4      | Found a sparkling altar of Nemelex Xobeh.
  3352 | D:4      | Found a shimmering altar of Xom.
  3414 | D:4      | Reached XP level 6. HP: 39/41 MP: 6/6
  3544 | D:4      | Found a staircase to the Ecumenical Temple.
  3589 | Temple   | Entered the Ecumenical Temple
  3643 | Temple   | Became a worshipper of Warmaster Okawaru
  3710 | D:5      | Entered Level 5 of the Dungeon
  3738 | D:5      | Noticed Blork the orc
  3921 | D:5      | Killed Blork the orc
  4238 | D:4      | Slain by a jelly

Action                   |  1- 3 |  4- 6 || total
-------------------------+-------+-------++-------
Melee: Cutlass           |   130 |   365 ||   495
  Use: Potion            |       |     4 ||     4
       Scroll            |       |     3 ||     3
  Eat: Chunk             |     1 |    10 ||    11
